 Dungeon Crawl Stone Soup version 0.29.1-2-gbd0b4ee654 (webtiles) character file.

Game seed: 3493924718922298177

124 RUZZLEFAZAZZLE the Shield-Bearer (level 5, -1/47 HPs)
             Began as a Gnoll Fighter on Nov 26, 2022.
             Slain by an orc
             ... wielding a +2 flail of draining
              (6 damage)
             ... on level 3 of the Dungeon.
             The game lasted 00:05:01 (2296 turns).

RUZZLEFAZAZZLE the Shield-Bearer (Gnoll Fighter)    Turns: 2296, Time: 00:05:02

Health: -1/47      AC: 11    Str: 17    XL:     5   Next: 8%
Magic:  5/7        EV:  9    Int:  7    God:
Gold:   62         SH:  7    Dex: 12    Spells: 6/6 levels left

rFire   . . .      SeeInvis .   a - +1 war axe (freeze)
rCold   . . .      Faith    .   i - +2 buckler
rNeg    . . .      Spirit   .   b - +0 scale mail
rPois   .          Reflect  .   (no helmet)
rElec   .          Harm     .   c - +0 cloak
rCorr   .          Rampage  .   (no gloves)
Will    .....      Rage     3%  (no boots)
Stlth   ..........              (no amulet)
HPRegen 0.15/turn               (no ring)
MPRegen 0.10/turn               (no ring)

@: mighty, lethally poisoned (-1 -> -4)
A: fangs 1, strong nose, distributed training, iridescent scales 1, berserk 1,
inability to drink after injury 1, MP-powered wands
a: no special abilities


You were on level 3 of the Dungeon.
You visited 1 branch of the dungeon, and saw 3 of its levels.

You collected 62 gold pieces.

Inventory:

Hand Weapons
 a - a +1 war axe of freezing (weapon)
Armour
 b - a +0 scale mail (worn)
 c - a +0 cloak (worn)
 i - a +2 buckler (worn)
Jewellery
 f - a ring of flight
Potions
 j - a potion of flight {unknown}
 k - a potion of invisibility {unknown}
 m - a potion of haste {unknown}
 o - a potion of heal wounds {unknown}


   Skills:
 + Level 6.6 Fighting
 + Level 1.4 Short Blades
 + Level 1.4 Long Blades
 + Level 4.7 Axes
 + Level 1.4 Maces & Flails
 + Level 1.4 Polearms
 + Level 1.4 Staves
 + Level 1.4 Ranged Weapons
 + Level 1.4 Throwing
 + Level 6.6 Armour
 + Level 1.4 Dodging
 + Level 1.4 Stealth
 + Level 6.6 Shields
 + Level 1.4 Unarmed Combat
 + Level 1.4 Spellcasting
 + Level 1.1 Conjurations
 + Level 1.1 Hexes
 + Level 1.1 Summonings
 + Level 1.1 Necromancy
 + Level 1.1 Translocations
 + Level 1.1 Transmutations
 + Level 1.1 Fire Magic
 + Level 1.1 Ice Magic
 + Level 1.1 Air Magic
 + Level 1.1 Earth Magic
 + Level 1.1 Poison Magic
 + Level 1.5 Invocations
 + Level 1.4 Evocations


You had 6 spell levels left.
You didn't know any spells.
Your spell library was empty.

Dungeon Overview and Level Annotations

Branches:
Dungeon (3/15)

Altars:


Innate Abilities, Weirdness & Mutations

You have very sharp teeth.
Your uncanny sense of smell can sniff out nearby items.
Your experience applies equally to all skills.
You are partially covered in iridescent scales. (AC +2)
You sometimes lose your temper in combat.
You occasionally lose the ability to drink potions when taking damage.
You expend magic power (3 MP) to strengthen your wands.


Message History

You barely miss something.
Something hits you but does no damage. x2
You are poisoned.
You hit something. You freeze something.
You feel sick. Something hits you but does no damage.
You miss something.
You feel sick. Something hits you but does no damage.
You are more poisoned.
You closely miss something.
You feel very sick. Something hits you but does no damage.
You miss something. Your bite misses something.
You feel very sick. Something hits you but does no damage.
You are more poisoned.
You hear some strange, mumbled words.
A puff of flame appears from out of thin air!
You block the puff of flame.
You aren't carrying any scrolls.
You feel very mighty all of a sudden.
You feel very sick. Something hits you.
You miss something. You bite something.
Reactivating autopickup.
You feel a bit more experienced.
* * * LOW HITPOINT WARNING * * *
You feel very sick.
Your life force feels restored.
You have reached level 5!
You slash the orc! You freeze the orc.
You kill the orc!
* * * LOW HITPOINT WARNING * * *
You feel very sick.
* * * LOW HITPOINT WARNING * * *
You feel sick. You block the orc's attack.
Items here: ))) [[ †.
You hit the orc. You freeze the orc.
The orc is heavily wounded.
* * * LOW HITPOINT WARNING * * *
You feel sick. You block the orc's attack.
The orc hits you with a +2 flail of draining.
You die...

,* #.# #.#.......#
,* #.# #.######..#
,* #.# #..........
,* #.# #########.#
,* #.# #.# ,*
******** #.# #.#
,* *,,,,,,* #.#
#.# ,* *,,,,,,*
#)# #.# ,*
*,,.,,,* #@#
***########.#
,***,,....######o#
*,,..........
,,,+,,....o.{o...#
*,**#.......#
****,,....##....##
*,* #.......'
*,,.,,,*#....# *,*
#.......#
********###### *,*
#.......# *,*
#.......# *,*
#.......# *,*
#######.#


You could see an orc.

Vanquished Creatures
  An orc wizard (D:3)
  4 adders
  A worm (D:2)
  2 dart slugs (D:1)
  3 orcs (D:3)
  5 ball pythons
  5 endoplasms
  4 giant cockroaches
  4 goblins
  9 hobgoblins
  3 kobolds
  A quokka (D:2)
  A bat (D:3)
  5 frilled lizards
  3 rats (D:2)
51 creatures vanquished.

Vanquished Creatures (others)
  5 withered plants (D:2)
5 creatures vanquished.

Grand Total: 56 creatures vanquished

Notes
Turn   | Place    | Note
-------+----------+-------------------------------------------
     0 | D:1      | RUZZLEFAZAZZLE the Gnoll Fighter began the quest for the
                  | Orb.
     0 | D:1      | Reached XP level 1. HP: 23/23 MP: 1/1
   187 | D:1      | Reached XP level 2. HP: 29/29 MP: 2/2
  1039 | D:1      | Reached XP level 3. HP: 35/35 MP: 3/3
  1192 | D:2      | Reached skill level 1 in Invocations
  1258 | D:2      | Reached skill level 1 in Short Blades
  1258 | D:2      | Reached skill level 1 in Long Blades
  1258 | D:2      | Reached skill level 1 in Maces & Flails
  1258 | D:2      | Reached skill level 1 in Polearms
  1258 | D:2      | Reached skill level 1 in Staves
  1258 | D:2      | Reached skill level 1 in Ranged Weapons
  1258 | D:2      | Reached skill level 1 in Throwing
  1258 | D:2      | Reached skill level 1 in Dodging
  1258 | D:2      | Reached skill level 1 in Stealth
  1258 | D:2      | Reached skill level 1 in Unarmed Combat
  1258 | D:2      | Reached skill level 1 in Spellcasting
  1258 | D:2      | Reached skill level 1 in Evocations
  1285 | D:2      | Reached XP level 4. HP: 38/41 MP: 5/5
  1598 | D:2      | Found a faded altar of an unknown god.
  1952 | D:3      | Reached skill level 1 in Conjurations
  1952 | D:3      | Reached skill level 1 in Hexes
  1952 | D:3      | Reached skill level 1 in Summonings
  1952 | D:3      | Reached skill level 1 in Necromancy
  1952 | D:3      | Reached skill level 1 in Translocations
  1952 | D:3      | Reached skill level 1 in Transmutations
  1952 | D:3      | Reached skill level 1 in Fire Magic
  1952 | D:3      | Reached skill level 1 in Ice Magic
  1952 | D:3      | Reached skill level 1 in Air Magic
  1952 | D:3      | Reached skill level 1 in Earth Magic
  1952 | D:3      | Reached skill level 1 in Poison Magic
  2115 | D:3      | Gained mutation: You expend magic power (3 MP) to
                  | strengthen your wands. [potion of mutation]
  2115 | D:3      | Gained mutation: You sometimes lose your temper in combat.
                  | [potion of mutation]
  2115 | D:3      | Gained mutation: You occasionally lose the ability to drink
                  | potions when taking damage. [potion of mutation]
  2115 | D:3      | Gained mutation: You are partially covered in iridescent
                  | scales. (AC +2) [potion of mutation]
  2294 | D:3      | Reached XP level 5. HP: 12/47 MP: 5/7
  2296 | D:3      | Slain by an orc

Illustrated notes

Levels and vault maps discovered:
D:1:      sevenhm_arrival_forest_fort_large_2, layout_basic,
          serial_bayou_ford_a, minmay_tromino_v4_c
D:2:      layout_loops_ring, ebering_ecumenical_altar_petrified,
          chequers_serial_rivers_room_b
D:3:      layout_basic

Skill      XL: |  1  2  3  4 |
---------------+-------------+-----
Invocations    | 1 |  1.5
Short Blades   | 1 |  1.4
Long Blades    | 1 |  1.4
Maces & Flails | 1 |  1.4
Polearms       | 1 |  1.4
Staves         | 1 |  1.4
Ranged Weapons | 1 |  1.4
Throwing       | 1 |  1.4
Dodging        | 1 |  1.4
Stealth        | 1 |  1.4
Unarmed Combat | 1 |  1.4
Spellcasting   | 1 |  1.4
Evocations     | 1 |  1.4
Conjurations   | 1 |  1.1
Hexes          | 1 |  1.1
Summonings     | 1 |  1.1
Necromancy     | 1 |  1.1
Translocations | 1 |  1.1
Transmutations | 1 |  1.1
Fire Magic     | 1 |  1.1
Ice Magic      | 1 |  1.1
Air Magic      | 1 |  1.1
Earth Magic    | 1 |  1.1
Poison Magic   | 1 |  1.1
Fighting       | |  6.6
Axes           | |  4.7
Armour         | |  6.6
Shields        | |  6.6

Action                   |  1- 3 |  4- 6 || total
-------------------------+-------+-------++-------
Melee: War axe           |    60 |    77 ||   137
       Bite              |     5 |     5 ||    10
  Use: Scroll            |       |     7 ||     7
       Potion            |       |     5 ||     5
Armor: Scale mail        |    16 |    33 ||    49
Dodge: Dodged            |    25 |    25 ||    50
Block: Buckler           |    20 |    23 ||    43
